 Dungeon Crawl Stone Soup version 0.17.1-1-g73c8601 (webtiles) character file.

102 PossumBlood the Slasher (level 4, -1/39 HPs)
             Began as a Minotaur Fighter on Jan 7, 2016.
             Slain by a phantom (3 damage)
             ... on level 3 of the Dungeon.
             The game lasted 00:04:37 (1569 turns).

PossumBlood the Slasher (Minotaur Fighter)          Turns: 1569, Time: 00:04:37

Health: -1/39      AC:  6    Str: 21    XL:     4   Next: 50%
Magic:  3/3        EV:  7    Int:  5    God:
Gold:   116        SH:  9    Dex: 12    Spells: 0 memorised, 3 levels left

rFire  + + .     SeeInvis .     a - +0 long sword
rCold  . . .     Clarity  .     b - +0 scale mail
rNeg   . . .     SustAt   .     c - +0 shield
rPois  +         Gourm    .     (helmet restricted)
rElec  +         Spirit   .     (no cloak)
rCorr  +         Warding  .     (no gloves)
rMut   .         Stasis   .     (no boots)
MR     .....                    (no amulet)
Stlth  ..........               i - +2 ring of dexterity
                                f - ring of fire

@: lethally poisoned (-1 -> -25), resistant, very slightly contaminated, not
resistant to hostile enchantments, extremely unstealthy
A: retaliatory headbutt, horns 2
a: no special abilities


You were on level 3 of the Dungeon.
You were not hungry.

You visited 1 branch of the dungeon, and saw 3 of its levels.

You collected 116 gold pieces.

Inventory:

Hand Weapons
 a - a +0 long sword (weapon)
Armour
 b - a +0 scale mail (worn)
 c - a +0 shield (worn)
Jewellery
 f - a ring of fire (left hand)
 i - a +2 ring of dexterity (right hand)
 r - an uncursed ring of positive energy {unknown}
Scrolls
 g - 2 scrolls of remove curse
 j - a scroll of blinking
 l - 2 scrolls of identify
Potions
 d - 2 potions of might
 k - a potion of agility {unknown}
 p - a potion of heal wounds {unknown}
 q - 2 potions of invisibility
Comestibles
 e - a bread ration
 s - a meat ration


   Skills:
 - Level 3.6 Fighting
 + Level 5.8 Long Blades
 - Level 3.6 Armour
 - Level 3.6 Shields


You had 3 spell levels left.
You didn't know any spells.

Dungeon Overview and Level Annotations

Branches:
Dungeon (3/15)

Altars:
Ashenzari
Dithmenos


Innate Abilities, Weirdness & Mutations

You reflexively headbutt those who attack you in melee.
You have a pair of horns on your head.


Message History

The kobold wields an uncursed whip of freezing.
It glows with a cold blue light!
You block the kobold's attack.
Things that are here:
a dagger; a goblin corpse You slash the kobold!
You kill the kobold!
* * * LOW HITPOINT WARNING * * *
You feel sick. The phantom hits you.
* * * LOW HITPOINT WARNING * * *
Drink which item? (? for menu, Esc to quit)
It was a potion of poison.
That liquid tasted very nasty...
You are more poisoned.
* * * LOW HITPOINT WARNING * * *
You feel sick. You block the phantom's attack.
Drink which item? (? for menu, Esc to quit)
It was a potion of resistance.
You feel protected.
* * * LOW HITPOINT WARNING * * *
You feel sick. The phantom hits you.
You die...

#. #.. #..#########
..........# #.......#
#. ###..(....# #.
#....)....# #.##
#....(....## #..S
#....@W....# #..#
#####)......#######..#
.................#
..........###......
..........##.).....#
..........##..##....#
..###......#....##...#
⌠.. .......#..._.#....
#....##....


You could see a phantom.

Vanquished Creatures
  Jessica (D:3)
  4 adders
  An ooze (D:2)
  A worm (D:2)
  An orc (D:3)
  7 bats (D:2)
  6 hobgoblins
  5 giant cockroaches
  5 goblins
  5 kobolds
  4 rats
40 creatures vanquished.

Notes
Turn   | Place    | Note
--------------------------------------------------------------
     0 | D:1      | PossumBlood the Minotaur Fighter began the quest for the Orb.
     0 | D:1      | Reached XP level 1. HP: 19/19 MP: 0/0
   126 | D:1      | Found a shattered altar of Ashenzari.
   298 | D:1      | Reached XP level 2. HP: 26/26 MP: 1/1
   792 | D:2      | Reached skill level 4 in Long Blades
   816 | D:2      | Reached XP level 3. HP: 14/31 MP: 2/2
  1402 | D:2      | Reached skill level 5 in Long Blades
  1509 | D:3      | Found a shadowy altar of Dithmenos.
  1521 | D:3      | Noticed Jessica
  1531 | D:3      | Killed Jessica
  1531 | D:3      | Reached XP level 4. HP: 27/39 MP: 3/3
  1545 | D:3      | Noticed a phantom
  1569 | D:3      | Slain by a phantom

Action                   |  1- 3 |  4- 6 || total
-------------------------+-------+-------++-------
Melee: Long sword        |    92 |    13 ||   105
  Use: Scroll            |       |     7 ||     7
       Potion            |       |     2 ||     2
  Eat: Beef jerky        |     1 |       ||     1
       Bread ration      |       |     1 ||     1
